 Dungeon Crawl Stone Soup version 0.23.2 (webtiles) character file.

Game seed: 2064118495064892448

277 Borgoz the Cutter (level 6, -1/37 HPs)
             Began as a Gargoyle Gladiator on Apr 9, 2019.
             Killed by divine providence
             ... invoked by an orc priest
              (15 damage)
             ... on level 3 of the Dungeon.
             The game lasted 00:04:24 (2242 turns).

Borgoz the Cutter (Gargoyle Gladiator)              Turns: 2242, Time: 00:04:25

Health: -1/37      AC:  8    Str: 23    XL:     6   Next: 25%
Magic:  6/6        EV: 13    Int:  8    God:
Gold:   84         SH:  0    Dex: 13    Spells: 5/5 levels left

rFire    + . .     SeeInvis .   a - +0 rapier
rCold    + . .     Gourm    .   (no shield)
rNeg     + . .     Faith    .   b - +0 leather armour
rPois    ∞         Spirit   .   c - +0 helmet
rElec    +         Reflect  .   (no cloak)
rCorr    +         Harm     .   (no gloves)
MR       .....                  (no boots)
Stlth    ++........             (no amulet)
HPRegen  0.12/turn              (no ring)
MPRegen  0.10/turn              (no ring)

@: mighty, resistant, flying
A: negative energy resistance 1, electricity resistance, unbreathing,
petrification resistance, rot immunity, AC +4
a: no special abilities


You were on level 3 of the Dungeon.
You were not hungry.

You visited 1 branch of the dungeon, and saw 3 of its levels.

You collected 84 gold pieces.

Inventory:

Hand Weapons
 a - a +0 rapier (weapon)
Missiles
 d - a throwing net (quivered)
Armour
 b - a +0 leather armour (worn)
 c - a +0 helmet (worn)
Jewellery
 p - an uncursed amulet of rage {unknown}
Scrolls
 g - 2 scrolls of enchant weapon {unknown}
 h - a scroll of remove curse {unknown}
 i - a scroll of fear {unknown}
 k - a scroll of amnesia {unknown}
 l - 4 scrolls of identify {unknown}
 q - a scroll of teleportation {unknown}
Potions
 j - a potion of might
Comestibles
 f - 3 rations
 o - 2 chunks of flesh


   Skills:
 + Level 3.4 Fighting
 * Level 4.0 Short Blades
 - Level 1.7 Throwing
 + Level 2.1 Armour
 * Level 3.6 Dodging
 + Level 2.2 Stealth


You had 5 spell levels left.
You didn't know any spells.
Your spell library was empty.

Dungeon Overview and Level Annotations

Branches:
Dungeon (3/15)

Altars:
Dithmenos


Innate Abilities, Weirdness & Mutations

You are resistant to torment.
Your stone body is resilient. (AC +4)
You are immune to poison.
You resist negative energy. (rN+)
You are resistant to electric shocks. (rElec)
You can survive without breathing.
You are immune to petrification.
You are immune to rotting.


Message History

* * * LOW HITPOINT WARNING * * *
The orc priest looks braver for a moment.
The orc priest looks satisfied for a moment.
It was a potion of flight.
You feel very buoyant.
You fly up into the air.
The orc misses you.
It was a potion of might.
You feel very mighty all of a sudden. The orc hits you with a +0 short sword.
* * * LOW HITPOINT WARNING * * *
It was a potion of curing.
You feel better. The orc closely misses you.
The orc priest casts a cantrip, but nothing happens.
It was a potion of resistance.
You feel protected. The orc barely misses you.
You puncture the orc!
You kill the orc!
The orc priest calls down the wrath of Beogh upon you.
Beogh smites you!
You die...

. #. ..#.### ## ..
#.....[ .. #.# #...... .
.. #...... .#.#
##...(.## #..#
......).####.# ######
##..?........#####......
##.###......o.o@...# #
######.#..##...# #
#.##............##8.#.
......)...)###.## ....
............##.##.....
#..########.......8.# ..
#######....###
#......##### ###########
#.####..######.......##.


You could see an orc priest and an orc.

Vanquished Creatures
  Sigmund (D:2)
  Jessica (D:2)
  Natasha (D:1)
  An ooze (D:2)
  A worm (D:3)
  3 dart slugs (D:1)
  A leopard gecko (D:2)
  2 orcs (D:3)
  6 bats
  2 giant cockroaches
  6 goblins
  6 hobgoblins
  6 jackals
  6 kobolds
  A ball python (D:1)
  A frilled lizard (D:1)
  A leopard gecko skeleton (D:2)
  5 rats (D:1)
51 creatures vanquished.

Notes
Turn   | Place    | Note
-------+----------+-------------------------------------------
     0 | D:1      | Borgoz the Gargoyle Gladiator began the quest for the Orb.
     0 | D:1      | Reached XP level 1. HP: 12/12 MP: 1/1
   114 | D:1      | Reached XP level 2. HP: 15/18 MP: 2/2
   313 | D:1      | Reached skill level 3 in Short Blades
   403 | D:1      | Reached XP level 3. HP: 20/22 MP: 3/3
   659 | D:2      | Noticed Natasha
   676 | D:1      | Killed Natasha
   676 | D:1      | Reached skill level 1 in Armour
   676 | D:1      | Reached skill level 1 in Stealth
  1020 | D:2      | Reached XP level 4. HP: 27/27 MP: 4/4
  1090 | D:2      | Noticed Jessica
  1108 | D:2      | Killed Jessica
  1323 | D:2      | Found a faded altar of an unknown god.
  1555 | D:2      | Noticed Sigmund
  1565 | D:2      | Killed Sigmund
  1565 | D:2      | Reached XP level 5. HP: 32/32 MP: 5/5
  1565 | D:2      | Reached XP level 6. HP: 37/37 MP: 6/6
  1576 | D:2      | Found a shadowy altar of Dithmenos.
  2179 | D:3      | Reached skill level 4 in Short Blades
  2242 | D:3      | Killed from afar by an orc priest

Skill      XL: |  1  2  3  4  5  6 |
---------------+-------------------+-----
Short Blades   | 3 4 |  4.0
Armour         | 1 2 |  2.1
Stealth        | 1 2 |  2.2
Dodging        | 3 |  3.6
Fighting       | 3 |  3.4
Throwing       | |  1.7

Action                   |  1- 3 |  4- 6 || total
-------------------------+-------+-------++-------
Melee: Rapier            |    93 |    76 ||   169
Throw: Throwing net      |     3 |     1 ||     4
  Use: Potion            |       |     4 ||     4
 Stab: Sleeping          |     1 |     1 ||     2
       Held in net/web   |     1 |     1 ||     2
  Eat: Chunk             |       |     4 ||     4
Armor: Leather armour    |    39 |    37 ||    76
Dodge: Dodged            |    61 |    63 ||   124
